 Dungeon Crawl Stone Soup version 0.25-a0-53-g72b0ba0 (webtiles) character file.

Game seed: 10237314632764862149, levelgen mode: deterministic

48 2tousent the Skirmisher (level 3, -2/29 HPs)
             Began as a Demonspawn Monk on Oct 23, 2019.
             Slain by a worm (4 damage)
             ... on level 2 of the Dungeon on Oct 24, 2019.
             The game lasted 00:03:04 (908 turns).

2tousent the Skirmisher (Demonspawn Monk)            Turns: 908, Time: 00:03:05

Health: -2/29      AC:  2    Str: 12    XL:     3   Next: 50%
Magic:  3/3        EV: 13    Int: 11    God:
Gold:   92         SH:  0    Dex: 15    Spells: 2/2 levels left

rFire    . . .     SeeInvis .     - Unarmed
rCold    . . .     Gourm    .   (no shield)
rNeg     . . .     Faith    .   b - +0 robe
rPois    .         Spirit   .   (no helmet)
rElec    .         Reflect  .   (no cloak)
rCorr    .         Harm     .   (no gloves)
MR       .....                  (no boots)
Stlth    ++........             (no amulet)
HPRegen  0.09/turn              (no ring)
MPRegen  0.08/turn              (no ring)

@: lethally poisoned (-2 -> -5)
A: claws 1, talons 1
a: no special abilities


You were on level 2 of the Dungeon.
You were not hungry.

You visited 1 branch of the dungeon, and saw 2 of its levels.

You collected 92 gold pieces.

Inventory:

Hand Weapons
 a - a +0 falchion
Armour
 b - a +0 robe (worn)
Scrolls
 d - 2 scrolls of identify {unknown}
 f - 4 scrolls of teleportation {unknown}
 h - a scroll of immolation {unknown}
Potions
 e - a potion of curing {unknown}
 g - a potion of resistance {unknown}
 i - 2 potions of ambrosia {unknown}
 j - a potion of magic {unknown}
Comestibles
 c - 5 rations


   Skills:
 - Level 3.5 Fighting
 - Level 2.7 Long Blades
 - Level 2.7 Dodging
 - Level 1.7 Stealth
 * Level 2.2 Unarmed Combat


You had 2 spell levels left.
You didn't know any spells.
Your spell library was empty.

Dungeon Overview and Level Annotations

Branches:
Dungeon (2/15)

Altars:


Innate Abilities, Weirdness & Mutations

You have sharp fingernails.
You have sharp toenails.


Message History

The adder is almost dead.
The worm misses you. The adder bites you.
You scratch the adder.
You kill the adder!
You feel sick. The worm barely misses you.
You feel sick.
You see here a fizzy purple potion.
j - a fizzy purple potion You feel sick.
A worm is nearby!
You claw the worm!
The worm is heavily wounded.
You scratch the worm but do no damage.
The worm is heavily wounded.
The worm bites you!
* * * LOW HITPOINT WARNING * * *
You scratch the worm.
The worm is heavily wounded.
The worm bites you.
You die...

#....##.......### # ####
#...†.........# #
...###............
#......#.(....#.######
##..##...##.#.#......# #
#...#(............... ...
#.#..#...............
.....#.##.#####...........
......†.w@...............#
......###.#...............
..... #........#......#.
.... ##................
... ##.....#......... ..
##....#......... .
##.#.).........
#.##........#. #
#......).>.


You could see a worm.

Vanquished Creatures
  An adder (D:2)
  A dart slug (D:1)
  4 leopard geckos (D:1)
  3 hobgoblins
  4 jackals (D:1)
  3 kobolds (D:1)
  2 quokkas (D:2)
  3 bats
  A frilled lizard (D:2)
  4 goblins
  4 rats
30 creatures vanquished.

Notes
Turn   | Place    | Note
-------+----------+-------------------------------------------
     0 | D:1      | 2tousent the Demonspawn Monk began the quest for the Orb.
     0 | D:1      | Reached XP level 1. HP: 18/18 MP: 1/1
    13 | D:1      | Upgraded the game from 0.25-a0-46-g6afad29 to
                  | 0.25-a0-53-g72b0ba0
   257 | D:1      | Gained mutation: You have sharp toenails. [demonic
                  | ancestry]
   257 | D:1      | Reached XP level 2. HP: 24/24 MP: 2/2
   420 | D:1      | Reached skill level 1 in Unarmed Combat
   725 | D:2      | Gained mutation: You have sharp fingernails. [demonic
                  | ancestry]
   725 | D:2      | Reached XP level 3. HP: 28/29 MP: 3/3
   908 | D:2      | Slain by a worm

Levels and vault maps discovered:
D:1:      psy_arrival_terrarium, layout_basic
D:2:      layout_rooms, gammafunk_temple_overflow_elements, first_ration,
          hangedman_glass_teeth

Table legend:
 A = Non-vault XP
 B = Vault XP
 C = Vault XP percentage of total XP
 D = Non-vault monster count
 E = Vault monster count
 F = Vault count percentage of total count
                 A         B        C        D         E       F
            +---------+---------+-------+---------+---------+-------
      Total |      69 |       0 |   0.0 |      30 |       0 |   0.0
            +---------+---------+-------+---------+---------+-------
        D:1 |      38 |       0 |   0.0 |      18 |       0 |   0.0
        D:2 |      31 |       0 |   0.0 |      12 |       0 |   0.0
            +---------+---------+-------+---------+---------+-------
